 Dungeon Crawl Stone Soup version 0.31-a0-1321-g5021b54cb2 (webtiles) character file.

Game seed: 11499312088907288075

695 RepHenryClay the Shooter (level 7, -34/52 HPs)
             Began as a Minotaur Hexslinger on Dec 21, 2023.
             Was an Initiate of Gozag.
             Killed by an exploding ufetubus (40 damage)
             ... ignited by their inner flame
             ... on level 7 of the Dungeon.
             The game lasted 00:09:10 (4669 turns).

RepHenryClay the Shooter (Minotaur Hexslinger)      Turns: 4669, Time: 00:09:11

Health: -34/52     AC:  8    Str: 14    XL:     7   Next: 37%
Magic:  7/7        EV: 10    Int: 10    God:    Gozag
Gold:   402        SH:  0    Dex: 19    Spells: 8/8 levels left

rFire   . . .        a - +1 sling
rCold   . . .        (no shield)
rNeg    . . .        l - +1 scale mail
rPois   .            (helmet restricted)
rElec   .            (no cloak)
rCorr   .            (no gloves)
SInv    .            (no boots)
Will    .....        (no amulet) Stlth
                     g - +6 ring of dexterity
HPRegen 0.28/turn    (no ring)
MPRegen 0.10/turn

%: no passive effects
@: weak-willed, gold aura
A: horns 2, retaliatory headbutt
a: Renounce Religion, Potion Petition, Call Merchant, Bribe Branch


You were on level 7 of the Dungeon.
You worshipped Gozag.
Gozag was aware of your devotion.
You visited 1 branch of the dungeon, and saw 7 of its levels.
You also visited: Sewer.

You collected 473 gold pieces.
You paid 71 gold pieces to Gozag.

Inventory:

Hand Weapons
 a - a +1 sling (weapon)
Armour
 c - a +0 robe
 j - a +0 robe of cold resistance
 l - a +1 scale mail (worn)
Jewellery
 g - a +6 ring of dexterity (left hand)
Wands
 k - a wand of flame (16)
Scrolls
 b - 2 scrolls of poison
 d - a scroll of enchant armour
 m - 2 scrolls of teleportation
 q - 5 scrolls of enchant weapon
 r - a scroll of amnesia
Potions
 f - 3 potions of lignification
 h - a potion of curing
 n - 3 potions of haste
 o - 4 potions of enlightenment
 p - 2 potions of mutation


   Skills:
 - Level 1.2 Fighting
 * Level 7.5 Ranged Weapons
 + Level 5.4 Armour
 - Level 2.1 Dodging
 - Level 1.0 Spellcasting
 - Level 2.0 Hexes
 - Level 0.6 Fire Magic


You had 8 spell levels left.
You didn't know any spells.
Your spell library contained the following spells:

 Spells                   Type           Power      Damage    Failure   Level
 Jinxbite                 Hex            8%         N/A       65%         2
 Scorch                   Fire           2%         2d5       83%         2
 Sigil of Binding         Hex            4%         N/A       86%         3
 Call Imp                 Summ           0%         N/A       89%         2
 Cigotuvi's Dreadful Rot  Necr/Alch/Air  0%         N/A       89%         2
 Sublimation of Blood     Necr           0%         N/A       89%         2
 Inner Flame              Hex/Fire       3%         N/A       93%         3
 Cause Fear               Hex            2%         N/A       99%         4
 Brom's Barrelling Bould  Conj/Erth      0%         2d3       100%        4
 Dimensional Bullseye     Hex/Tloc       1%         N/A       100%        4
 Dispel Undead            Necr           0%         3d6       100%        4
 Flame Wave               Conj/Fire      1%         2d4       100%        4
 Ignite Poison            Fire/Alch      1%         N/A       100%        4
 Sticky Flame             Fire/Alch      1%         2d4       100%        4
 Fireball                 Conj/Fire      0%         3d3       100%        5
 Iskenderun's Battlesphe  Conj           0%         2d6       100%        5
 Conjure Ball Lightning   Conj/Air       0%         3x3d6     100%        6
 Death Channel            Necr           0%         N/A       100%        6
 Summon Cactus Giant      Summ           0%         N/A       100%        6
 Orb of Destruction       Conj           0%         9d5       100%        7
 Summon Hydra             Summ           0%         N/A       100%        7
 Ignition                 Fire           0%         3d3       100%        8


Dungeon Overview and Level Annotations

Branches:
Dungeon (8/15)             Temple (0/1) D:7           Sewer (visited)
   Lair: D:8-11

Altars:
Dithmenos
Elyvilon
Gozag
Hepliaklqana
Kikubaaqudgha
Qazlal
Uskayaw
The Shining One

Annotations:
D:2 1 runed translucent door, Crazy Yiuf
D:7 Jeremiah


Innate Abilities, Weirdness & Mutations

You have a pair of horns on your head.
You reflexively headbutt those who attack you in melee.


Message History

Wisps of shadow whirl around you...
It was a scroll of summoning.
The white imp hits you but does no damage.
The ufetubus completely misses you.
The ufetubus hits you but does no damage.
You swap places.
Found a stone staircase leading up.
The white imp completely misses you.
The ufetubus hits you but does no damage.
The ufetubus barely misses you.
The ufetubus hits your orc wizard but does no damage. x2
Jeremiah hops!
Your black bear closely misses the ufetubus. x2
Your black bear claws the ufetubus.
Flame seeps out of the ufetubus.
Your wight hits the white imp but does no damage.
Your wight barely misses the ufetubus.
Your wight hits the white imp with a +4 war axe!
The white imp explodes!
The fiery explosion engulfs your orc!
You kill your orc!
Your orc's corpse dissolves into shadows!
The fiery explosion engulfs your wight!!
You destroy your wight!
Your wight dissolves into shadows!
The fiery explosion engulfs you!!
* * * LOW HITPOINT WARNING * * *
The fiery explosion engulfs the ufetubus!!!
The ufetubus is burned terribly!
The fiery explosion engulfs your orc!!
You kill your orc!
Your orc's corpse dissolves into shadows!
The fiery explosion engulfs your orc wizard!!
You kill your orc wizard!
Your orc wizard's corpse dissolves into shadows!
The fiery explosion engulfs your wight!!
You destroy your wight!
Your wight dissolves into shadows!
The ufetubus explodes!
The fiery explosion engulfs the ufetubus!!
The ufetubus is burned terribly!
The fiery explosion engulfs you!!!
Ouch! That really hurt!
You die...
Your body crumbles into a pile of gold.

***###############*****
*,,.....#########.,,,,*
*,,.....###.#####.,,,,* **
*,,.....###.......,,,,* *,
*,,..........)###.,,,,* *,
*,,.....h...$.###.,,,,*****,
*,,....z§○§#......,,,,,,,,,,
*,,$....§§§.$..F..,,,,,,,,,,
***#....§§@z......,,,,,,,,,,
****#.#..§§§....bbb*******,,,
*,,,.....z.....#..#*,,,,,***,
*,**#........b.bb.#,,~~~,,,** *,*
#.#.....####°.#,~~~~~,,,,
*****,**#.#$....####+.#,,~~~,,,**
*,,,,,,,...$....##....#*,,,,,***,
*,,,,,*,,<#.....#,,,,,,*******,,,
*,,,,,**,,**,*,**,,,,,,,,,,,,,,,,


You could see Jeremiah (inner flame, weak-willed), a friendly black bear
(summoned) and 3 friendly wights.

Vanquished Creatures
  A brain worm (Sewer)
  A wight (D:8)
  A howler monkey (D:3)
  3 jellies
  An orc priest (D:3)
  A hound (D:5)
  Jessica (D:3)
  Natasha (twice) (D:3)
  Terence (D:2)
  An orc wizard (D:4)
  4 gnolls (D:4)
  3 river rats (Sewer)
  6 adders
  A shadow imp (D:4)
  2 ufetubi (D:7)
  An adder skeleton (D:2)
  An adder zombie (D:2)
  A worm (Sewer)
  A dart slug (D:4)
  12 orcs
  A bat skeleton (D:2)
  18 endoplasms
  3 giant cockroaches
  7 goblins
  3 hobgoblins
  8 jackals
  7 quokkas
  11 ball pythons
  A ball python zombie (D:2)
  9 bats
  5 frilled lizards
  15 kobolds
  A quokka zombie (D:2)
  6 rats
140 creatures vanquished.

Vanquished Creatures (collateral kills)
  A white imp (D:7)
1 creature vanquished.

Grand Total: 141 creatures vanquished

Notes
Turn   | Place    | Note
-------+----------+-------------------------------------------
     0 | D:1      | RepHenryClay the Minotaur Hexslinger began the quest for
                  | the Orb.
     0 | D:1      | Reached XP level 1. HP: 16/16 MP: 1/1
     2 | D:1      | Noticed a spriggan
     2 | D:1      | Noticed a naga
     4 | D:1      | Noticed a human
     6 | D:1      | Noticed a minotaur
     6 | D:1      | Noticed a vine stalker
     8 | D:1      | Noticed a formicid
     8 | D:1      | Noticed an elf
    10 | D:1      | Noticed an ogre
    10 | D:1      | Noticed a troll
    12 | D:1      | Noticed an octopode
    14 | D:1      | Noticed a merfolk
    16 | D:1      | Noticed an armataur
    16 | D:1      | Noticed a draconian
    18 | D:1      | Noticed a ghoul
    18 | D:1      | Noticed a tengu
    20 | D:1      | Noticed a vampire
    20 | D:1      | Noticed a felid
    22 | D:1      | Noticed a gargoyle
    24 | D:1      | Noticed a tengu
    24 | D:1      | Noticed a demonspawn
    26 | D:1      | Noticed a demonspawn
    26 | D:1      | Noticed a formicid
   175 | D:1      | Reached skill level 1 in Armour
   175 | D:1      | Reached XP level 2. HP: 15/23 MP: 2/2
   385 | D:1      | Reached skill level 3 in Ranged Weapons
   973 | D:2      | Reached XP level 3. HP: 28/28 MP: 3/3
  1117 | D:2      | Reached skill level 4 in Ranged Weapons
  1216 | D:2      | Found a runed translucent door.
  1217 | D:2      | Noticed Crazy Yiuf
  1339 | D:2      | Noticed Terence
  1430 | D:2      | Killed Terence
  1431 | D:2      | Reached XP level 4. HP: 35/35 MP: 4/4
  1703 | D:3      | Found an ancient bone altar of Kikubaaqudgha.
  1904 | D:3      | Found a glowing drain.
  1913 | Sewer    | Entered a sewer
  1948 | Sewer    | Reached skill level 5 in Ranged Weapons
  1948 | Sewer    | Reached XP level 5. HP: 32/40 MP: 5/5
  2210 | Sewer    | Reached XP level 6. HP: 47/47 MP: 6/6
  2629 | D:3      | Noticed Natasha
  2638 | D:3      | Killed Natasha
  2724 | D:3      | Reached skill level 6 in Ranged Weapons
  2832 | D:3      | Found a hide-covered altar of Uskayaw.
  2832 | D:3      | Found a stormy altar of Qazlal.
  2832 | D:3      | Found a shadowy altar of Dithmenos.
  2832 | D:3      | Found a white marble altar of Elyvilon.
  2832 | D:3      | Found an ancient bone altar of Kikubaaqudgha.
  2832 | D:3      | Found an opulent altar of Gozag.
  2909 | D:3      | Noticed Jessica
  2920 | D:3      | Killed Jessica
  3133 | D:3      | Became a worshipper of Gozag Ym Sagoz the Greedy
  3187 | D:3      | Found a faded altar of an unknown god.
  3205 | D:3      | Noticed Natasha
  3214 | D:3      | Killed Natasha
  3506 | D:3      | Found a glowing golden altar of the Shining One.
  3714 | D:3      | Reached XP level 7. HP: 21/52 MP: 7/7
  3836 | D:3      | Reached skill level 7 in Ranged Weapons
  3836 | D:3      | Reached skill level 5 in Armour
  4060 | D:4      | Found a hazy altar of Hepliaklqana.
  4518 | D:5      | Entered Level 5 of the Dungeon
  4530 | D:5      | You fall into a shaft and drop 3 floors!
  4643 | D:8      | Noticed a wyvern
  4650 | D:8      | Noticed a steam dragon
  4664 | D:7      | Noticed Jeremiah
  4669 | D:7      | Killed by an exploding ufetubus... ignited by their inner
                  | flame

Illustrated notes

Levels and vault maps discovered:
D:1:      kb_arrival_jail, layout_basic, nrook_loot_triangle
D:2:      layout_rooms, serial_undead, serial_undead_b, serial_undead_e,
          serial_undead_a, serial_undead_c, serial_undead_e,
          serial_bayou_pond_e, uniq_crazy_yiuf_cottage, uniq_terence
D:3:      cheibrodos_fertilizer, layout_basic, mainiacjoe_overflow_alcove_1,
          lemuel_coloured_pillars_altar,
          dreamdust_ecumenical_altar_hidden_monk_grotto, portal_sewer_entry_d,
          chequers_hall_statues_y, uniq_jessica, uniq_natasha
D:4:      layout_rooms, mainiacjoe_overflow_tiny_flanked
D:5:      layout_cave_pools, hangedman_ru_absence, kennysheep_generic_room_6,
          uniq_grinder, uniq_menkaure
D:7:      layout_basic, minmay_temple_entry_waves, nicolae_ossuary_entry_plus,
          minmay_hedge_maze, kennysheep_pointless_box, minmay_fire_ice_demons,
          uniq_pikel, uniq_jeremiah
D:8:      layout_loops_cross, serial_shops, shop_fountains, ebering_ghost_xom

Skill      XL: |  1  2  3  4  5  6  7 |
---------------+----------------------+-----
Armour         | 1 2 3 4 5 |  5.4
Ranged Weapons | 3 4 5 6 7 |  7.5
Fighting       | |  1.2
Dodging        | |  2.1
Spellcasting   | |  1.0
Hexes          | |  2.0
Fire Magic     | |  0.6

Action                     |  1- 3 |  4- 6 |  7- 9 || total
---------------------------+-------+-------+-------++-------
   Fire: Sling             |   134 |   213 |    74 ||   421
  Evoke: Wand              |       |     5 |       ||     5
    Use: Potion            |     4 |     1 |     1 ||     6
         Scroll            |       |     7 |     7 ||    14
 Armour: Robe              |    31 |       |       ||    31
         Skin              |    11 |       |       ||    11
         Scale mail        |       |   123 |    74 ||   197
  Dodge: Dodged            |    30 |    88 |    25 ||   143

Table legend: (Time is in decaauts)
 A = Elapsed time spent in this place.
 B = Non-inter-level travel time spent in this place.
 C = Inter-level travel time spent in this place.
 D = Time resting spent in this place.
 E = Time spent auto-exploring this place.
 F = Levels seen in this place.
 G = Mean time per level.
                   A        B        C        D        E       F      G
               +--------+--------+--------+--------+--------+-----+--------+
         Total |   5050 |   4719 |    331 |    323 |   3177 |   8 |  631.2 |
       Dungeon |   4094 |   3763 |    331 |    323 |   2428 |   7 |  584.9 |
         Sewer |    955 |    955 |      0 |      0 |    749 |   1 |  955.0 |
               +--------+--------+--------+--------+--------+-----+--------+

Top non-repeatable levels by time:
     D:3: 1387 daAuts
     D:1: 1068 daAuts
   Sewer: 955 daAuts
     D:4: 826 daAuts
     D:2: 660 daAuts
     D:8: 135 daAuts
     D:5: 12 daAuts
     D:7: 4 daAuts
